 Dungeon Crawl Stone Soup version 0.28.0-53-g5a82cb258f (webtiles) character file.

Game seed: 2152113963305307010

69 Legadrian the Insei (level 4, -8/33 HPs)
             Began as a Human Transmuter on June 21, 2022.
             Mangled by Sigmund
             ... wielding a +0 scythe
              (12 damage)
             ... on level 2 of the Dungeon.
             The game lasted 00:12:39 (2042 turns).

Legadrian the Insei (Human Transmuter)              Turns: 2042, Time: 00:12:40

Health: -8/33      AC:  2    Str: 12    XL:     4   Next: 42%
Magic:  7/7        EV: 12    Int: 13    God:
Gold:   126        SH:  0    Dex: 14    Spells: 4/7 levels left

rFire   . . .      SeeInvis .     - Unarmed
rCold   . . .      Faith    .   (no shield)
rNeg    + . .      Spirit   .   a - +0 robe
rPois   +          Reflect  .   (no helmet)
rElec   .          Harm     .   (no cloak)
rCorr   .          Rampage  .   (no gloves)
Will    +....                   (no boots)
Stlth   +.........              (no amulet)
HPRegen 0.11/turn               b - ring of positive energy
MPRegen 0.10/turn               d - ring of poison resistance

@: no status effects
A: talons 1, strong-willed 1
a: no special abilities


You were on level 2 of the Dungeon.
You visited 1 branch of the dungeon, and saw 2 of its levels.

You collected 126 gold pieces.

Inventory:

Hand Weapons
 e - a +0 hunting sling
Missiles
 c - 36 stones
Armour
 a - a +0 robe (worn)
 f - a +0 robe
 h - a +0 ring mail
 j - a +0 chain mail
Jewellery
 b - a ring of positive energy (left hand)
 d - a ring of poison resistance (right hand)
Scrolls
 i - a scroll of identify {unknown}
 k - a scroll of fog {unknown}
 l - a scroll of vulnerability {unknown}
Potions
 g - a potion of might {unknown}


   Skills:
 * Level 2.0 Fighting
 - Level 2.0 Dodging
 + Level 4.5 Unarmed Combat
 - Level 2.0 Spellcasting
 - Level 2.0 Transmutations


You had 4 spell levels left.
You knew the following spells:

 Your Spells              Type           Power      Damage    Failure   Level
a - Beastly Appendage     Tmut           12%        N/A       11%         1
b - Wereblood             Tmut           6%         N/A       17%         2

Your spell library contained the following spells:

 Spells                   Type           Power      Damage    Failure   Level
 Sting                    Tmut/Pois      12%        1d3       17%         1
 Poisonous Vapours        Pois/Air       2%         N/A       36%         2
 Spider Form              Tmut/Pois      3%         N/A       45%         3
 Ignite Poison            Fire/Tmut/Pois 3%         N/A       52%         3
 Frozen Ramparts          Ice            2%         1d2       58%         3
 Ice Form                 Ice/Tmut       3%         N/A       86%         4
 Summon Ice Beast         Ice/Summ       1%         N/A       94%         4
 Statue Form              Tmut/Erth      2%         N/A       100%        6


Dungeon Overview and Level Annotations

Branches:
Dungeon (2/15)

Altars:

Annotations:
D:2 Sigmund


Innate Abilities, Weirdness & Mutations

You have sharp toenails.
You are strong-willed. (Will+)


Message History

There is a stone staircase leading down here.
You start resting.
HP restored.
There is a stone staircase leading down here.
You can't go up here!
You climb downwards.
Level annotation: Sigmund
There is a stone staircase leading up here.
Sorry, you're not good enough to have a special ability.
Casting: Beastly Appendage (safe; 11% risk of failure)
Confirm with . or Enter, or press ? or * to list all spells.
You miscast Beastly Appendage.
You are very lightly contaminated with residual magic.
Nothing appears to happen.
Sigmund points at you and mumbles some strange words.
The puff of flame hits you! Sigmund gestures at you while chanting.
You resist with almost no effort.
You hit Sigmund. Your kick misses Sigmund.
Sigmund is lightly wounded.
Sigmund hits you with a +0 scythe!
You closely miss Sigmund. You claw Sigmund, but do no damage.
Sigmund is lightly wounded.
You hit Sigmund. You claw Sigmund.
Sigmund is moderately wounded.
Sigmund closely misses you.
You hit Sigmund but do no damage.
Sigmund is moderately wounded.
Your magical contamination has completely faded away.
You hit Sigmund but do no damage.
Sigmund is moderately wounded.
Sigmund barely misses you.
You barely miss Sigmund. Your kick misses Sigmund.
Sigmund is moderately wounded.
Sigmund hits you with a +0 scythe!
* * * LOW HITPOINT WARNING * * *
There is a stone staircase leading up here.
You can't go down here!
Sigmund hits you with a +0 scythe!
You die...

#.##.#># #.....#
#......#######.###
####.......#..)..#
#.#####.#....>#
#.#####.#.....#
#....##.#.....#
#.##.##.#.....#
#@##>......####
#@......##.#
####..####.#
#.รท..##.#
#........
#..#.##...
#.......##
#.##.##.# #.# ..
#. #


You could see Sigmund.

Vanquished Creatures
  2 adders (D:2)
  A dart slug (D:2)
  5 bats
  4 endoplasms
  3 giant cockroaches
  4 goblins
  9 hobgoblins
  5 kobolds (D:2)
  A quokka (D:1)
  3 ball pythons (D:1)
  5 frilled lizards
  2 rats
44 creatures vanquished.

Notes
Turn   | Place    | Note
-------+----------+-------------------------------------------
     0 | D:1      | Legadrian the Human Transmuter began the quest for the Orb.
     0 | D:1      | Reached XP level 1. HP: 15/15 MP: 3/3
    15 | D:1      | Noticed an electric eel
   292 | D:1      | Reached XP level 2. HP: 17/21 MP: 5/5
   295 | D:1      | Learned a level 2 spell: Wereblood
   296 | D:1      | Gained mutation: You are strong-willed. (Will+) [potion of
                  | mutation]
   296 | D:1      | Gained mutation: You have sharp toenails. [potion of
                  | mutation]
   627 | D:1      | Reached XP level 3. HP: 21/26 MP: 4/6
   898 | D:1      | Found a faded altar of an unknown god.
  1255 | D:2      | Reached skill level 4 in Unarmed Combat
  1510 | D:2      | Reached XP level 4. HP: 32/33 MP: 7/7
  1526 | D:2      | Got the Almanac of Dusty Poisoning
  1819 | D:2      | Noticed Sigmund
  2042 | D:2      | Mangled by Sigmund

Illustrated notes

Levels and vault maps discovered:
D:1:      arrival_aquarium_a, layout_loops_ring, basic_ecumenical_altar
D:2:      layout_loops_cross, minmay_pentomino_s4, uniq_sigmund

Skill      XL: |  1  2  3  4 |
---------------+-------------+-----
Unarmed Combat | 4 |  4.5
Fighting       | 2 |  2.0
Dodging        | |  2.0
Spellcasting   | |  2.0
Transmutations | |  2.0

Action                   |  1- 3 |  4- 6 || total
-------------------------+-------+-------++-------
Melee: Unarmed           |   104 |    32 ||   136
       Kick              |    12 |     7 ||    19
       Headbutt          |     3 |       ||     3
       Punch             |     2 |     2 ||     4
 Cast: Beastly Appendage |     6 |       ||     6
  Use: Potion            |     1 |       ||     1
 Stab: Sleeping          |     1 |       ||     1
Armor: Robe              |    11 |     4 ||    15
Dodge: Dodged            |    61 |    14 ||    75
